 Dungeon Crawl Stone Soup version 0.28.0-53-g5a82cb258f (webtiles) character file.

Game seed: 18044654546221129577

541 Renzlar the Shield-Bearer (level 7, 0/60 HPs)
             Began as a Gnoll Fighter on Aug 9, 2022.
             Slain by a two-headed ogre
             ... wielding a +0 giant club
              (24 damage)
             ... on level 5 of the Dungeon.
             The game lasted 00:12:14 (4314 turns).

Renzlar the Shield-Bearer (Gnoll Fighter)           Turns: 4314, Time: 00:12:14

Health: 0/60       AC: 11    Str: 17    XL:     7   Next: 26%
Magic:  10/10      EV:  7    Int:  7    God:
Gold:   90         SH:  5    Dex: 12    Spells: 10/10 levels left

rFire   . . .      SeeInvis .   a - +0 war axe
rCold   . . .      Faith    .   c - +0 buckler
rNeg    . . .      Spirit   .   h - +0 chain mail
rPois   .          Reflect  .   (no helmet)
rElec   .          Harm     .   n - +0 cloak
rCorr   .          Rampage  .   (no gloves)
Will    .....                   (no boots)
Stlth   ..........              (no amulet)
HPRegen 0.20/turn               (no ring)
MPRegen 0.12/turn               (no ring)

@: mighty
A: fangs 1, strong nose, distributed training
a: no special abilities


You were on level 5 of the Dungeon.
You visited 2 branches of the dungeon, and saw 6 of its levels.

You collected 90 gold pieces.

Inventory:

Hand Weapons
 a - a +0 war axe (weapon)
Missiles
 e - 75 sling bullets
 f - 99 stones (quivered)
 l - 4 silver javelins
 o - 6 boomerangs
Armour
 c - a +0 buckler (worn)
 h - a +0 chain mail (worn)
 n - a +0 cloak (worn)
Wands
 i - a wand of iceblast (10)
Scrolls
 k - 2 scrolls of torment
Potions
 b - 2 potions of cancellation
 g - 2 potions of curing {unknown}
 j - 4 potions of flight {unknown}
 p - 2 potions of degeneration {unknown}
 q - a potion of lignification {unknown}


   Skills:
 + Level 7.0 Fighting
 + Level 2.3 Short Blades
 + Level 2.3 Long Blades
 + Level 5.2 Axes
 + Level 2.3 Maces & Flails
 + Level 2.3 Polearms
 + Level 2.3 Staves
 + Level 2.3 Slings
 + Level 2.3 Bows
 + Level 2.3 Crossbows
 + Level 2.3 Throwing
 + Level 7.0 Armour
 + Level 2.3 Dodging
 + Level 2.3 Stealth
 + Level 7.0 Shields
 + Level 2.3 Unarmed Combat
 + Level 2.3 Spellcasting
 + Level 1.9 Conjurations
 + Level 1.9 Hexes
 + Level 1.9 Summonings
 + Level 1.9 Necromancy
 + Level 1.9 Translocations
 + Level 1.9 Transmutations
 + Level 1.9 Fire Magic
 + Level 1.9 Ice Magic
 + Level 1.9 Air Magic
 + Level 1.9 Earth Magic
 + Level 1.9 Poison Magic
 + Level 2.6 Invocations
 + Level 2.3 Evocations


You had 10 spell levels left.
You didn't know any spells.
Your spell library was empty.

Dungeon Overview and Level Annotations

Branches:
Dungeon (5/15)             Temple (1/1) D:4

Altars:
Ashenzari
Cheibriados
Dithmenos
Elyvilon
Fedhas
Gozag
Hepliaklqana
Nemelex Xobeh
Qazlal
Sif Muna
Trog
Uskayaw
Vehumet
Wu Jian
Yredelemnul
Zin

Shops:
D:3 (

Annotations:
D:5 2 transporters


Innate Abilities, Weirdness & Mutations

You have very sharp teeth.
Your uncanny sense of smell can sniff out nearby items.
Your experience applies equally to all skills.


Message History

You throw a poisoned dart.
The poisoned dart hits the two-headed ogre.
The two-headed ogre looks even sicker.
Throw: 2 darts (poison)
Press: ? - help, Q - select action, (/) - cycle Shift-Dir - straight line, f/p - two-headed ogre
Aim: a two-headed ogre, wielding a +0 giant club and a +0 giant spiked club (lightly wounded, very poisoned, 76% to hit)
You throw a poisoned dart.
The poisoned dart hits the two-headed ogre.
The two-headed ogre looks even sicker.
The two-headed ogre is lightly wounded.
Throw: dart (poison)
Press: ? - help, Q - select action, (/) - cycle Shift-Dir - straight line, f/p - two-headed ogre
Aim: a two-headed ogre, wielding a +0 giant club and a +0 giant spiked club (very poisoned, 76% to hit)
You throw a poisoned dart.
The poisoned dart closely misses the two-headed ogre.
Throw: 100 stones
Press: ? - help, Q - select action, (/) - cycle Shift-Dir - straight line, f/p - two-headed ogre
Aim: a two-headed ogre, wielding a +0 giant club and a +0 giant spiked club (lightly wounded, very poisoned, 76% to hit)
You throw a stone. The stone hits the two-headed ogre.
The two-headed ogre is lightly wounded.
An adder comes into view.
You feel very mighty all of a sudden.
The two-headed ogre hits you with a +0 giant club!
The two-headed ogre closely misses you.
You slice the two-headed ogre!!
The two-headed ogre is heavily wounded.
The two-headed ogre hits you with a +0 giant club.
The two-headed ogre barely misses you.
You slash the two-headed ogre!
The two-headed ogre is severely wounded.
The two-headed ogre hits you with a +0 giant club!!
The two-headed ogre hits you with a +0 giant spiked club.
You slash the two-headed ogre!
The two-headed ogre is almost dead.
The two-headed ogre barely misses you. You block the two-headed ogre's attack.
You hit the two-headed ogre.
The two-headed ogre is almost dead.
You block the two-headed ogre's attack.
The two-headed ogre hits you with a +0 giant spiked club!!
You die...

∆ #.....©....#
######..#######.....
........#8.©.8#.....
######..#P./.P#.....
#..###+###.....
#..#≈...≈#.....
#..#≈...≈#.....
#..#≈...≈#.#+##
#.@#S.⌠.S#
#.O#≈...S#
#..#≈...≈#
#..#≈..|≈#
#..###+###
#..#P.$.P#
#..#8.©.8#
#.(#######
#.....©...


You could see a two-headed ogre (poisoned) and 3 electric eels.

Vanquished Creatures
  An ogre (D:4)
  A phantom (D:5)
  2 scorpions
  A jelly (D:4)
  An orc wizard (D:3)
  Natasha (thrice) (D:2)
  4 gnolls
  3 adders
  An adder skeleton (D:4)
  2 worms (D:2)
  3 dart slugs
  7 orcs
  3 bats
  3 endoplasms
  3 giant cockroaches
  4 hobgoblins
  8 jackals
  4 kobolds
  A quokka (D:3)
  3 ball pythons
  A frilled lizard (D:2)
  4 goblins
  3 rats (D:2)
66 creatures vanquished.

Notes
Turn   | Place    | Note
-------+----------+-------------------------------------------
     0 | D:1      | Renzlar the Gnoll Fighter began the quest for the Orb.
     0 | D:1      | Reached XP level 1. HP: 23/23 MP: 1/1
   263 | D:1      | Reached XP level 2. HP: 29/29 MP: 2/2
   519 | D:1      | Reached XP level 3. HP: 35/35 MP: 3/3
   888 | D:2      | Noticed Natasha
   892 | D:2      | Killed Natasha
   893 | D:2      | Reached skill level 1 in Invocations
   919 | D:1      | Reached skill level 1 in Short Blades
   919 | D:1      | Reached skill level 1 in Long Blades
   919 | D:1      | Reached skill level 1 in Maces & Flails
   919 | D:1      | Reached skill level 1 in Polearms
   919 | D:1      | Reached skill level 1 in Staves
   919 | D:1      | Reached skill level 1 in Slings
   919 | D:1      | Reached skill level 1 in Bows
   919 | D:1      | Reached skill level 1 in Crossbows
   919 | D:1      | Reached skill level 1 in Throwing
   919 | D:1      | Reached skill level 1 in Dodging
   919 | D:1      | Reached skill level 1 in Stealth
   919 | D:1      | Reached skill level 1 in Unarmed Combat
   919 | D:1      | Reached skill level 1 in Spellcasting
   919 | D:1      | Reached skill level 1 in Evocations
   919 | D:1      | Reached XP level 4. HP: 37/41 MP: 5/5
  1005 | D:2      | Reached skill level 1 in Conjurations
  1005 | D:2      | Reached skill level 1 in Hexes
  1005 | D:2      | Reached skill level 1 in Summonings
  1005 | D:2      | Reached skill level 1 in Necromancy
  1005 | D:2      | Reached skill level 1 in Translocations
  1005 | D:2      | Reached skill level 1 in Transmutations
  1005 | D:2      | Reached skill level 1 in Fire Magic
  1005 | D:2      | Reached skill level 1 in Ice Magic
  1005 | D:2      | Reached skill level 1 in Air Magic
  1005 | D:2      | Reached skill level 1 in Earth Magic
  1005 | D:2      | Reached skill level 1 in Poison Magic
  1076 | D:2      | Noticed Natasha
  1096 | D:2      | Killed Natasha
  1097 | D:2      | Reached XP level 5. HP: 47/47 MP: 6/6
  1102 | D:2      | Found a faded altar of an unknown god.
  1172 | D:2      | Noticed Natasha
  1181 | D:2      | Killed Natasha
  1553 | D:2      | Found a basalt altar of Yredelemnul.
  2422 | D:3      | Found a white marble altar of Elyvilon.
  2480 | D:3      | Reached XP level 6. HP: 53/53 MP: 8/8
  2590 | D:3      | Found Ziezudd's Antique Weapon Boutique.
  2943 | D:4      | Found an ornate altar of the Wu Jian Council.
  3064 | D:4      | Reached skill level 5 in Axes
  3283 | D:4      | Found a staircase to the Ecumenical Temple.
  3301 | D:4      | Reached XP level 7. HP: 45/59 MP: 10/10
  3308 | Temple   | Entered the Ecumenical Temple
  4200 | D:5      | Entered Level 5 of the Dungeon
  4273 | D:5      | Found a transporter.
  4291 | D:5      | Found a transporter.
  4298 | D:5      | Noticed a two-headed ogre
  4314 | D:5      | Slain by a two-headed ogre

Illustrated notes

Levels and vault maps discovered:
D:1:      heliophobic_arrival_dark_side_of_the_moon, layout_basic, hex_medium,
          hangedman_decor_points
D:2:      layout_basic, basic_altar, shapermc_ecumenical_altar_pompeii,
          uniq_natasha
D:3:      layout_basic, elyvilon_altar_4, serial_shops, shop_fountains,
          serial_park_tiny_1, item_on_display_b
D:4:      layout_loops_corners, nzn_wu_jian_contemplation,
          minmay_temple_entry_slanted, chequers_garden, wad_orctagon
D:5:      gammafunk_steamed_eel, layout_gridville, roderic_serpentine_path,
          minmay_misc_feat_five, minmay_misc_feat_pillars,
          nicolae_elevator_lobby_plus
Temple:   dshaligram_water_room_temple

Skill      XL: |  1  2  3  4  5  6  7 |
---------------+----------------------+-----
Invocations    | 1 2 |  2.6
Short Blades   | 1 2 |  2.3
Long Blades    | 1 2 |  2.3
Maces & Flails | 1 2 |  2.3
Polearms       | 1 2 |  2.3
Staves         | 1 2 |  2.3
Slings         | 1 2 |  2.3
Bows           | 1 2 |  2.3
Crossbows      | 1 2 |  2.3
Throwing       | 1 2 |  2.3
Dodging        | 1 2 |  2.3
Stealth        | 1 2 |  2.3
Unarmed Combat | 1 2 |  2.3
Spellcasting   | 1 2 |  2.3
Evocations     | 1 2 |  2.3
Conjurations   | 1 |  1.9
Hexes          | 1 |  1.9
Summonings     | 1 |  1.9
Necromancy     | 1 |  1.9
Translocations | 1 |  1.9
Transmutations | 1 |  1.9
Fire Magic     | 1 |  1.9
Ice Magic      | 1 |  1.9
Air Magic      | 1 |  1.9
Earth Magic    | 1 |  1.9
Poison Magic   | 1 |  1.9
Axes           | 5 |  5.2
Fighting       | 7 |  7.0
Armour         | 7 |  7.0
Shields        | 7 |  7.0

Action                   |  1- 3 |  4- 6 |  7- 9 || total
-------------------------+-------+-------+-------++-------
Melee: War axe           |    48 |   151 |    48 ||   247
       Bite              |     5 |     8 |     2 ||    15
Throw: Dart              |       |     8 |     4 ||    12
       Stone             |       |    23 |     1 ||    24
       Javelin           |       |       |     3 ||     3
  Use: Scroll            |     1 |     6 |       ||     7
       Potion            |       |       |     1 ||     1
Armor: Scale mail        |     2 |       |       ||     2
       Chain mail        |    17 |    90 |    16 ||   123
Dodge: Dodged            |    20 |    43 |    17 ||    80
Block: Buckler           |     9 |    33 |    11 ||    53
